 Dungeon Crawl Stone Soup version 0.26-a0-708-g17f3b190f9 (webtiles) character file.

Game seed: 8121487909796928730

11 vortex the Chopper (level 2, 0/27 HPs)
             Began as a Hill Orc Monk on Oct 28, 2020.
             Slain by a kobold (2 damage)
             ... on level 2 of the Dungeon.
             The game lasted 00:02:46 (636 turns).

vortex the Chopper (Hill Orc Monk)                   Turns: 636, Time: 00:02:47

Health: 0/27       AC:  2    Str: 11 (13) XL:     2   Next: 25%
Magic:  2/2        EV: 12    Int:  8 (10) God:
Gold:   29         SH:  0    Dex: 11 (13) Spells: 1/1 levels left

rFire    . . .     SeeInvis .   a - +0 hand axe
rCold    . . .     Faith    .   (no shield)
rNeg     . . .     Spirit   .   b - +0 robe
rPois    .         Reflect  .   (no helmet)
rElec    .         Harm     +   d - scarf {harm}
rCorr    .         Rampage  .   (no gloves)
MR       .....                  (no boots)
Stlth    ++........             (no amulet)
HPRegen  0.09/turn              (no ring)
MPRegen  0.08/turn              (no ring)

@: no status effects
A: no striking features
a: no special abilities


You were on level 2 of the Dungeon.
You visited 1 branch of the dungeon, and saw 2 of its levels.

You collected 29 gold pieces.

Inventory:

Hand Weapons
 a - a +0 hand axe (weapon)
 l - a +0 hunting sling
Missiles
 c - 18 stones
 j - 9 poisoned darts (quivered)
Armour
 b - a +0 robe (worn)
 d - a scarf of harm (worn)
Scrolls
 e - a scroll of amnesia {unknown}
 f - a scroll of identify {unknown}
 i - a scroll of fog {unknown}
 k - a scroll of enchant armour {unknown}
Potions
 h - a potion of berserk rage {unknown}


   Skills:
 + Level 3.8 Fighting
 + Level 4.2 Axes
 + Level 0.4 Throwing
 + Level 0.7 Armour
 + Level 2.5 Dodging
 - Level 1.5 Stealth


You had one spell level left.
You didn't know any spells.
Your spell library was empty.

Dungeon Overview and Level Annotations

Branches:
Dungeon (2/15)

Altars:
Fedhas
Hepliaklqana
Nemelex Xobeh
Uskayaw
Xom

Annotations:
D:2 Jessica, Terence


Message History

You hit Terence.
Terence is almost dead.
You miss the kobold.
Jessica the Apprentice Sorceress comes into view.
Terence hits you with a +0 short sword!
* * * LOW HITPOINT WARNING * * *
The kobold closely misses you.
You are too injured to fight recklessly!
Jessica shouts!
You hit Terence but do no damage.
Terence is almost dead.
You barely miss the kobold. Terence hits you with a +0 short sword.
* * * LOW HITPOINT WARNING * * *
The kobold closely misses you. Terence hits you with a +0 short sword.
* * * LOW HITPOINT WARNING * * *
It was a potion of degeneration.
There was something very wrong with that liquid.
You feel weakened.
You feel dopey.
You feel clumsy. The kobold hits you.
You die...

## .## ## ..#..
..######... #
.........##....
#....@.......
##.##K@#####.
(.... ...(....
....(....#
@........$..
.............
...#........##


You could see Terence, Jessica and a kobold.

Vanquished Creatures
  A goblin (D:1)
  4 hobgoblins
  A frilled lizard (D:1)
  5 rats
11 creatures vanquished.

Notes
Turn   | Place    | Note
-------+----------+-------------------------------------------
     0 | D:1      | vortex the Hill Orc Monk began the quest for the Orb.
     0 | D:1      | Reached XP level 1. HP: 19/19 MP: 1/1
   405 | D:1      | Found a hide-covered altar of Uskayaw.
   407 | D:1      | Found an ancient bone altar of Kikubaaqudgha.
   407 | D:1      | Found a sparkling altar of Nemelex Xobeh.
   409 | D:1      | Found a blossoming altar of Fedhas.
   409 | D:1      | Found a shimmering altar of Xom.
   409 | D:1      | Found a hazy altar of Hepliaklqana.
   543 | D:1      | Reached XP level 2. HP: 27/27 MP: 2/2
   618 | D:2      | Noticed Terence
   634 | D:2      | Noticed Jessica
   636 | D:2      | Slain by a kobold

Illustrated notes

Levels and vault maps discovered:
D:1:      dpeg_arrival_more_subterranean_lakeside_camping, layout_rooms,
          solitary_fountain, hangedman_decor_opposing, doesnt_xom_only_xom
D:2:      layout_rooms, chequers_ecumenical_altar_simple, grunt_gozag_statues,
          uniq_terence, uniq_jessica

Action                   || total
-------------------------++-------
Melee: Hand axe          ||    23
Throw: Stone             ||    24
       Dart              ||    12
  Use: Potion            ||     1
Armor: Robe              ||     1
Dodge: Dodged            ||    13

Table legend: (Time is in decaauts)
 A = Elapsed time spent in this place.
 B = Non-inter-level travel time spent in this place.
 C = Inter-level travel time spent in this place.
 D = Time resting spent in this place.
 E = Time spent auto-exploring this place.
 F = Levels seen in this place.
 G = Mean time per level.
                   A        B        C        D        E       F      G
               +--------+--------+--------+--------+--------+-----+--------+
         Total |    640 |    591 |     49 |      0 |    499 |   2 |  320.0 |
       Dungeon |    640 |    591 |     49 |      0 |    499 |   2 |  320.0 |
               +--------+--------+--------+--------+--------+-----+--------+

Top non-repeatable levels by time:
     D:1: 617 daAuts
     D:2: 22 daAuts
